 Dungeon Crawl Stone Soup version 0.20-b1-2-gc5a9893 (webtiles) character file.

247 Jawreze the Slinger (level 6, 0/39 HPs)
             Began as a Halfling Hunter on May 21, 2017.
             Slain by an orc priest
             ... wielding a +0 dagger
              (2 damage)
             ... on level 3 of the Dungeon.
             The game lasted 00:12:16 (4194 turns).

Jawreze the Slinger (Halfling Hunter)               Turns: 4194, Time: 00:12:16

Health: 0/39       AC:  5    Str: 13    XL:     6   Next: 34%
Magic:  6/6        EV: 14    Int: 10    God:
Gold:   200        SH:  0    Dex: 16    Spells: 5/5 levels left

rFire    . . .     SeeInvis .   F - +1 dagger (venom)
rCold    . . .     Gourm    .   (shield restricted)
rNeg     + . .     Faith    .   j - +1 leather armour {rN+}
rPois    .         Spirit   .   u - +1 hat
rElec    .         Reflect  .   (no cloak)
rCorr    .         Harm     .   (no gloves)
MR       .....                  (no boots)
Stlth    ++........             (no amulet)
Regen    0.2/turn               (no ring)
MPRegen  0.1/turn               (no ring)

@: no status effects
A: mutation resistance 1
a: no special abilities


You were on level 3 of the Dungeon.
You were very hungry.

You visited 1 branch of the dungeon, and saw 5 of its levels.

You collected 200 gold pieces.

Inventory:

Hand Weapons
 a - a +1 hunting sling
 b - a +0 short sword
 F - a +1 dagger of venom (weapon)
Missiles
 d - 59 sling bullets
 e - 94 stones (quivered)
 D - 42 bolts
Armour
 c - a +0 leather armour
 j - a +1 leather armour of positive energy (worn)
 n - a +0 ring mail
 u - a +1 hat (worn)
Jewellery
 l - a +5 ring of protection {unknown}
 C - an uncursed ring of ice {unknown}
Wands
 y - a wand of iceblast (5/15)
Scrolls
 h - a scroll of blinking {unknown}
 m - a scroll of fog {unknown}
 o - 2 scrolls of magic mapping
 p - 4 scrolls of identify {unknown}
 r - 2 scrolls of recharging
 s - 3 scrolls of remove curse
 w - 2 scrolls of teleportation {unknown}
Potions
 i - a potion of agility {unknown}
 k - 2 potions of curing {unknown}
 q - a potion of lignification {unknown}
 v - a potion of cancellation {unknown}
 x - a potion of haste {unknown}
 z - 2 potions of mutation {unknown}
 A - a potion of heal wounds {unknown}
 B - a potion of resistance {unknown}
 E - a potion of ambrosia {unknown}
Comestibles
 f - 2 bread rations
 g - 3 fruits
 t - 2 meat rations


   Skills:
 - Level 1.7 Fighting
 + Level 10.2 Slings
 - Level 2.1 Dodging
 - Level 1.1 Stealth


You had 5 spell levels left.
You didn't know any spells.

Dungeon Overview and Level Annotations

Branches:
Dungeon (5/15)
 Temple: D:4-7

Altars:

Shops:
D:4 :

Annotations:
D:4 Jawreze's ghost, amateur HuFi
D:5 Edmund


Innate Abilities, Weirdness & Mutations

You are small and have problems with some larger weapons.
You are somewhat resistant to further mutation.


Message History

Beogh smites you!
You hit the orc priest but do no damage.
The orc priest hits you but does no damage.
The orc hits you with a short sword.
The orc priest begins to cast a cantrip, but forgets the words!
You barely miss the orc priest. The orc barely misses you.
The orc hits you but does no damage. The orc priest closely misses you.
The orc priest hits you with a club.
You barely miss the orc priest. The orc hits you with a club.
The orc priest closely misses you. The orc barely misses you.
You hit the orc priest.
The orc priest is poisoned.
The orc priest is lightly wounded.
The orc priest closely misses you. The orc hits you but does no damage.
The orc priest mumbles some strange prayers to Beogh against you.
Beogh smites you!
* * * LOW HITPOINT WARNING * * *
The orc hits you but does no damage.
You barely miss the orc priest. The orc priest closely misses you.
The orc barely misses you. The orc priest hits you with a dagger.
You die...

########....### #########
#.............. #.......#
#.############# #.......# #.#
#.......# #.#
###.......#######.#
#...............#.#
#.#.......#####o#.#############
#.#........# #@o...............
#.#........# #oo...............
#.#......#.# #.)............#.#
#.######.#[###.############.#.#
#.######.#.....######### #.#.#
#......................# #.#.#
########.####..........# #.#.#
#.# #..........# #.#.# #.#
#..........# #.#.#


You could see 2 orc priests and 2 orcs.

Vanquished Creatures
  A crimson imp (D:5)
  A hound (D:5)
  An orc wizard (D:4)
  A worker ant (D:5)
  5 adders
  An adder skeleton (D:4)
  4 dart slugs
  3 leopard geckos
  An orc (D:3)
  3 ball pythons
  4 giant cockroaches
  6 hobgoblins
  3 jackals (D:1)
  11 kobolds
  A quokka (D:2)
  5 bats
  2 frilled lizards
  13 goblins
  10 rats
76 creatures vanquished.

Vanquished Creatures (others)
  A scorpion (D:5)
1 creature vanquished.

Grand Total: 77 creatures vanquished

Notes
Turn   | Place    | Note
-------+----------+-------------------------------------------
     0 | D:1      | Jawreze the Halfling Hunter began the quest for the Orb.
     0 | D:1      | Reached XP level 1. HP: 14/14 MP: 1/1
    90 | D:1      | Reached skill level 6 in Slings
   156 | D:1      | Reached XP level 2. HP: 19/19 MP: 2/2
   298 | D:1      | Reached skill level 7 in Slings
   298 | D:1      | Reached XP level 3. HP: 24/24 MP: 3/3
  1081 | D:2      | Reached XP level 4. HP: 29/29 MP: 4/4
  1427 | D:2      | Reached skill level 8 in Slings
  1922 | D:3      | Reached XP level 5. HP: 28/34 MP: 5/5
  2796 | D:4      | Noticed Jawreze's ghost (amateur HuFi)
  3073 | D:4      | Found Cafur's Book Emporium.
  3199 | D:5      | Entered Level 5 of the Dungeon
  3244 | D:5      | Reached skill level 9 in Slings
  3394 | D:5      | Reached XP level 6. HP: 33/39 MP: 6/6
  3501 | D:5      | Reached skill level 10 in Slings
  3750 | D:5      | Noticed Edmund
  3750 | D:5      | Noticed an ogre
  4194 | D:3      | Slain by an orc priest

Skill      XL: |  1  2  3  4  5  6 |
---------------+-------------------+-----
Slings         | 6 7 8 9 10 | 10.2
Fighting       | |  1.7
Dodging        | |  2.1
Stealth        | |  1.1

Action                   |  1- 3 |  4- 6 || total
-------------------------+-------+-------++-------
Melee: Dagger            |       |     6 ||     6
 Fire: Hunting sling     |    78 |   206 ||   284
  Use: Scroll            |     3 |     1 ||     4
  Eat: Chunk             |       |     8 ||     8
Armor: Leather armour    |       |    21 ||    21
Dodge: Dodged            |    11 |    43 ||    54
